 Dungeon Crawl Stone Soup version 0.29.1-15-g9cfb28693d (webtiles) character file.

Game seed: 14697733256858070023

413 kingofthe the Sneak (level 7, -2/36 HPs)
             Began as a Kobold Enchanter on Mar 12, 2023.
             Slain by a phantom (4 damage)
             ... in the Ecumenical Temple.
             The game lasted 00:12:27 (4716 turns).

kingofthe the Sneak (Kobold Enchanter)              Turns: 4716, Time: 00:12:27

Health: -2/36      AC:  3    Str:  6    XL:     7   Next: 14%
Magic:  12/13      EV: 16    Int: 16    God:
Gold:   196        SH:  0    Dex: 17    Spells: 9/14 levels left

rFire   . . .      SeeInvis .   a - +1 dagger (spect)
rCold   + . .      Faith    .   (no shield)
rNeg    . . .      Spirit   .   b - +0 robe
rPois   .          Reflect  .   (no helmet)
rElec   .          Harm     .   (no cloak)
rCorr   .          Rampage  .   C - +0 pair of gloves
Will    .....                   (no boots)
Stlth   ++........              (no amulet)
HPRegen 0.12/turn               (no ring)
MPRegen 0.13/turn               (no ring)

@: confused, brilliant, invisible
A: small, no large weapons, nightstalker 3, hooves 1, cold resistance 1
a: no special abilities


You were in the Ecumenical Temple.
You visited 2 branches of the dungeon, and saw 5 of its levels.

You collected 196 gold pieces.


Innate Abilities, Weirdness & Mutations

You are small and have problems with some larger weapons.
You are completely attuned to the shadows.
You have large cloven feet.
Your flesh is cold resistant. (rC+)


   Skills:
 + Level 3.3 Short Blades
 * Level 4.6 Dodging
 + Level 5.4 Stealth
 * Level 4.0 Spellcasting
 * Level 4.5 Hexes


You had 9 spell levels left.
You knew the following spells:

 Your Spells              Type           Power      Damage    Failure   Level
a - Ensorcelled Hibernat  Hex/Ice        30%        N/A       10%         2
b - Confusing Touch       Hex            26%        N/A       8%          3

Your spell library contained the following spells:

 Spells                   Type           Power      Damage    Failure   Level
 Tukima's Dance           Hex            26%        N/A       8%          3
 Magic Dart               Conj           16%        1d3       17%         1
 Sandblast                Erth           8%         2d5       17%         1
 Dazzling Flash           Conj/Hex       30%        N/A       21%         3
 Call Imp                 Summ           4%         N/A       26%         2
 Passwall                 Tmut/Erth      3%         N/A       26%         2
 Mephitic Cloud           Conj/Pois/Air  4%         N/A       45%         3
 Stone Arrow              Conj/Erth      8%         3d7       45%         3

Inventory:

Hand Weapons
 a - a +1 spectral dagger (weapon)
 u - the +1 spear "Ocvu" {flame, *Noise +Blink rElec}
   (You found it on level 2 of the Dungeon)

   It burns those it strikes, dealing additional fire damage.
   rElec:     It insulates you from electricity.
   +Blink:    It lets you blink.
   *Noise:    It may make noises in combat.
 w - a +3 spear
Missiles
 o - a throwing net {=f}
 E - 9 poisoned darts (quivered)
Armour
 b - a +0 robe (worn)
 f - a +2 ring mail of fire resistance
 C - a +0 pair of gloves (worn)
Scrolls
 d - 2 scrolls of enchant weapon {unknown}
 e - a scroll of enchant armour {unknown}
 g - 2 scrolls of teleportation {unknown}
 i - a scroll of blinking {unknown}
 j - a scroll of torment {unknown}
 l - a scroll of fog {unknown}
 n - 5 scrolls of identify {unknown}
 r - a scroll of brand weapon
 y - a scroll of summoning {unknown}
 z - 2 scrolls of magic mapping
 A - a scroll of noise {unknown}
 D - a scroll of silence {unknown}
Potions
 c - a potion of invisibility
 h - 2 potions of attraction {unknown}
 k - a potion of resistance {unknown}
 m - 2 potions of heal wounds {unknown}
 p - a potion of magic {unknown}
 q - 2 potions of mutation
 s - 2 potions of curing {unknown}
 t - 2 potions of haste {unknown}
 v - a potion of lignification {unknown}
 x - a potion of brilliance
 B - a potion of degeneration {unknown}
 F - a potion of berserk rage {unknown}

Dungeon Overview and Level Annotations

Branches:
Dungeon (4/15)             Temple (1/1) D:4

Altars:
Makhleb

Annotations:
D:4 exclusion: dart slug

~~~~~~~~~~,,,~~~,,,,,,,~~~~~~~~~~
~~~~~~~~~~~~~~~~~,,,~~~~~~~~~~~~~
~~~~~~~~~~~~~~~~~~,,,~~~~~~~~~~~~
~~~~~~~~~~~~~~~~~~~,,,~~~~~~~~~~~
~~~~~~~~~~~~≈≈≈≈≈≈≈..,~~~~~~~~~~~
~~~~~~~~~~~~≈≈≈≈≈≈...~~~~~~~~~~~~
~~~~~~~~~~~~≈≈≈≈≈...≈~~~~~~~~~~~~
~~~~~~~~~~~,...W.{...,~~~~~~~~~~~
~~~~~~~~~~,,8..§@...8,,~~~~~~~~~~
~~~~~~~~~~~,.........,~~~~~~~~~~~
~~~~~~~~~~~~≈...≈≈≈≈≈~~~~~~~~~~~~
~~~~~~~~~~~~...≈≈≈≈≈≈~~~~~~~~~~~~
~~~~~~~~~~~,..≈≈≈≈≈≈≈~~~~~~~~~~~~
~~~~~~~~~~~,,,~~~~~~~~~~~~~~~~~~~
~~~~~~~~~~~~,,,~~~~~~~~~~~~~~~~~~
~~~~~~~~~~~~~,,,~~~~~~~~~~~~~~~~~
~~~~~~~~~~,,,,,,,~~~,,,~~~~~~~~~~


You could see a phantom (unable to see you).


Message History

The phantom misses you.
As you read the scroll labelled ZUUMO WINUVOCH, it crumbles to dust.
It is a scroll of brand weapon.
Your +1 dagger acquires a faint afterimage.
a - a +1 spectral dagger (weapon)
The orc wizard closely misses you. The phantom misses you.
You completely miss the orc wizard.
Your +1 spectral dagger hits the orc wizard but does no damage.
You hit the orc wizard.
The orc wizard is moderately wounded.
Your +1 spectral dagger hits the orc wizard!
The phantom hits you.
* * * LOW HITPOINT WARNING * * *
The phantom blinks!
The orc wizard points at you and mumbles some strange words.
You are confused.
It was a potion of mutation.
You feel extremely strange.
Your feet thicken and deform.
You feel resistant to cold.
The orc wizard casts a spell.
The orc wizard flickers and vanishes!
Deactivating autopickup; reactivate with Ctrl-A.
You fade into invisibility!
Something hits you.
* * * LOW HITPOINT WARNING * * *
It was a potion of brilliance.
You feel clever all of a sudden. Something hits you.
* * * LOW HITPOINT WARNING * * *
The phantom hits you.
You die...

Skill      XL: |  1  2  3  4  5  6 |
---------------+-------------------+-----
Short Blades   | 2 3 |  3.3
Dodging        | 3 4 |  4.6
Stealth        | 5 |  5.4
Spellcasting   | 3 4 |  4.0
Hexes          | 4 |  4.5

Action                   |  1- 3 |  4- 6 |  7- 9 || total
-------------------------+-------+-------+-------++-------
Melee: Dagger            |    48 |    43 |     5 ||    96
       Punch             |     1 |     1 |       ||     2
 Cast: Ensorcelled Hiber |     6 |    24 |     1 ||    31
  Use: Potion            |       |       |     3 ||     3
       Scroll            |       |       |     2 ||     2
 Stab: Sleeping          |    19 |    28 |     1 ||    48
       Distracted        |       |     1 |       ||     1
Armor: Robe              |     3 |     2 |     4 ||     9
Dodge: Dodged            |    27 |    29 |    11 ||    67

Levels and vault maps discovered:
D:1:      dpeg_arrival_pits, layout_basic
D:2:      layout_basic, uniq_sigmund
D:3:      layout_basic
D:4:      layout_loops_ring, kennysheep_slug_shrine,
          nicolae_overflow_crystal_walls, minmay_temple_entry_water_ring,
          gammafunk_ghost_nasty_kobolds, minmay_misc_feat_rows,
          nrook_mini_backslash
Temple:   eino_temple_water

Notes
Turn   | Place    | Note
-------+----------+-------------------------------------------
     0 | D:1      | kingofthe the Kobold Enchanter began the quest for the Orb.
     0 | D:1      | Reached XP level 1. HP: 10/10 MP: 3/3
    94 | D:1      | Reached XP level 2. HP: 8/15 MP: 5/5
   226 | D:1      | Learned a level 2 spell: Ensorcelled Hibernation
   818 | D:1      | Reached skill level 2 in Short Blades
   888 | D:1      | Reached XP level 3. HP: 19/19 MP: 6/6
  1801 | D:2      | Identified the +1 spear "Ocvu" {flame, *Noise +Blink rElec}
  1815 | D:2      | Noticed Sigmund
  1822 | D:2      | Killed Sigmund
  1823 | D:2      | Reached skill level 3 in Dodging
  1823 | D:2      | Reached skill level 5 in Stealth
  1823 | D:2      | Reached skill level 3 in Spellcasting
  1823 | D:2      | Reached skill level 4 in Hexes
  1823 | D:2      | Reached XP level 4. HP: 19/24 MP: 5/9
  1823 | D:2      | Reached XP level 5. HP: 22/28 MP: 5/10
  1823 | D:2      | Reached XP level 6. HP: 26/32 MP: 5/11
  2479 | D:3      | Reached skill level 4 in Dodging
  3875 | D:3      | Learned a level 3 spell: Confusing Touch
  3965 | D:4      | Reached skill level 3 in Short Blades
  4182 | D:4      | Found a burning altar of Makhleb.
  4315 | D:4      | Noticed a black bear
  4561 | D:4      | Killed a black bear
  4562 | D:4      | Reached skill level 4 in Spellcasting
  4562 | D:4      | Reached XP level 7. HP: 36/36 MP: 1/13
  4693 | D:4      | Found a staircase to the Ecumenical Temple.
  4709 | Temple   | Entered the Ecumenical Temple
  4714 | Temple   | Gained mutation: You have large cloven feet. [potion of
                  | mutation]
  4714 | Temple   | Gained mutation: Your flesh is cold resistant. (rC+)
                  | [potion of mutation]
  4716 | Temple   | HP: 2/36 [something (3)]
  4716 | Temple   | Slain by a phantom

Vanquished Creatures
  Sigmund (D:2)
  A black bear (D:4)
  A wight (D:4)
  An orc wizard (D:4)
  An adder (D:4)
  A dart slug (D:1)
  9 orcs
  5 ball pythons
  4 endoplasms
  5 giant cockroaches
  7 goblins
  5 hobgoblins
  2 jackals (D:1)
  A quokka (D:3)
  8 bats
  A frilled lizard (D:1)
  4 kobolds
  A rat (D:1)
58 creatures vanquished.

Table legend: (Time is in decaauts)
 A = Elapsed time spent in this place.
 B = Non-inter-level travel time spent in this place.
 C = Inter-level travel time spent in this place.
 D = Time resting spent in this place.
 E = Time spent auto-exploring this place.
 F = Levels seen in this place.
 G = Mean time per level.
                   A        B        C        D        E       F      G
               +--------+--------+--------+--------+--------+-----+--------+
         Total |   4705 |   4477 |    228 |    370 |   3477 |   5 |  941.0 |
       Dungeon |   4699 |   4471 |    228 |    370 |   3477 |   4 | 1174.8 |
        Temple |      6 |      6 |      0 |      0 |      0 |   1 |    6.0 |
               +--------+--------+--------+--------+--------+-----+--------+

Top non-repeatable levels by time:
     D:3: 1496 daAuts
     D:1: 1309 daAuts
     D:2: 1143 daAuts
     D:4: 749 daAuts
  Temple: 6 daAuts

Table legend:
 A = Non-vault XP
 B = Vault XP
 C = Vault XP percentage of total XP
 D = Non-vault monster count
 E = Vault monster count
 F = Vault count percentage of total count
                 A         B        C        D         E       F
            +---------+---------+-------+---------+---------+-------
      Total |     359 |     231 |  39.2 |      57 |       1 |   1.7
            +---------+---------+-------+---------+---------+-------
        D:1 |      37 |       0 |   0.0 |      20 |       0 |   0.0
        D:2 |      18 |     231 |  92.8 |      11 |       1 |   8.3
        D:3 |      17 |       0 |   0.0 |       9 |       0 |   0.0
        D:4 |     287 |       0 |   0.0 |      17 |       0 |   0.0
            +---------+---------+-------+---------+---------+-------
